 Dungeon Crawl Stone Soup version 0.19.4 (webtiles) character file.

67 esteth the Chopper (level 4, 0/40 HPs)
             Began as a Minotaur Fighter on Feb 1, 2017.
             Slain by a gnoll
             ... wielding a cursed +0 spear
              (5 damage)
             ... on level 2 of the Dungeon.
             The game lasted 00:01:58 (1001 turns).

esteth the Chopper (Minotaur Fighter)               Turns: 1001, Time: 00:01:59

Health: 0/40       AC:  6    Str: 20    XL:     4   Next: 0%
Magic:  3/3        EV:  7    Int:  5    God:
Gold:   82         SH:  9    Dex: 11    Spells: 0 memorised, 3 levels left

rFire  . . .     SeeInvis .     a - +0 war axe
rCold  . . .     Gourm    .     b - +0 scale mail
rNeg   . . .     Faith    .     c - +0 shield
rPois  .         Spirit   .     (helmet restricted)
rElec  .         Reflect  .     (no cloak)
rCorr  .         Harm     .     (no gloves)
MR     .....                    (no boots)
Stlth  ..........               n - amulet of rage
                                (no ring)
                                (no ring)

@: no status effects
A: retaliatory headbutt, horns 2
a: Evoke Berserk Rage


You were on level 2 of the Dungeon.
You were not hungry.

You visited 1 branch of the dungeon, and saw 2 of its levels.

You collected 82 gold pieces.

Inventory:

Hand Weapons
 a - a +0 war axe (weapon)
Armour
 b - a +0 scale mail (worn)
 c - a +0 shield (worn)
Jewellery
 n - an amulet of rage (around neck)
 q - an uncursed ring of resist corrosion {unknown}
Scrolls
 e - 2 scrolls of teleportation {unknown}
 l - a scroll of remove curse {unknown}
 m - 2 scrolls of enchant armour {unknown}
 p - a scroll of identify
Potions
 d - a potion of might
 i - a potion of flight {unknown}
 k - a potion of lignification {unknown}
 r - a potion of resistance {unknown}
 s - a potion of brilliance {unknown}
 u - a potion of curing {unknown}
Comestibles
 f - 3 bread rations
 g - 6 chunks of flesh
 h - a meat ration
 j - a slice of pizza
 o - a royal jelly
 t - 5 fruits


   Skills:
 - Level 4.2 Fighting
 * Level 4.5 Axes
 - Level 3.6 Armour
 - Level 3.6 Shields
 + Level 0.6 Evocations


You had 3 spell levels left.
You didn't know any spells.

Dungeon Overview and Level Annotations

Branches:
Dungeon (2/15)

Altars:
Dithmenos
Fedhas


Innate Abilities, Weirdness & Mutations

You reflexively headbutt those who attack you in melee.
You have a pair of horns on your head.


Message History

You barely miss the gnoll. Your headbutt misses the gnoll.
The gnoll is severely wounded.
You hit the gnoll. The gnoll hits you with a spear!
The gnoll barely misses you. You furiously retaliate!
You headbutt the gnoll.
Your shield and scale mail prevent you from hitting the gnoll.
The gnoll is severely wounded.
You barely miss the gnoll. The gnoll hits you but does no damage.
The gnoll hits you with a spear.
* * * LOW HITPOINT WARNING * * *
You are too injured to fight recklessly!
You are too injured to fight recklessly!
You are too injured to fight recklessly!
Okay, then.
The gnoll barely misses you.
The gnoll hits you from afar with a spear.
* * * LOW HITPOINT WARNING * * *
You see here a jackal corpse.
You see here 2 stones.
The gnoll hits you from afar with a spear.
You die...

#.....#.####..#...###.#.#
##
#.........#.....#.......#
..............#...#...###
#)#)#.#.##......#
#.g†............#####
###g#.#..............
.#####g#.###.#.....##.#
#......?......#.....#
#########@#######.###
#.........# ###########


You could see 3 gnolls.

Vanquished Creatures
  2 gnolls
  A leopard gecko (D:1)
  3 goblins
  4 hobgoblins
  13 jackals
  5 kobolds
  8 bats
  2 frilled lizards
  4 rats (D:1)
42 creatures vanquished.

Notes
Turn   | Place    | Note
-------+----------+-------------------------------------------
     0 | D:1      | esteth the Minotaur Fighter began the quest for the Orb.
     0 | D:1      | Reached XP level 1. HP: 19/19 MP: 0/0
   102 | D:1      | Reached XP level 2. HP: 27/27 MP: 1/1
   316 | D:1      | Reached XP level 3. HP: 33/33 MP: 2/2
   922 | D:2      | Found a shadowy altar of Dithmenos.
   922 | D:2      | Found a blossoming altar of Fedhas.
   992 | D:2      | Reached XP level 4. HP: 31/40 MP: 3/3
  1001 | D:2      | Slain by a gnoll

Skill      XL: |  1  2  3 |
---------------+----------+-----
Axes           | 3 4 |  4.5
Fighting       | 4 |  4.2
Armour         | |  3.6
Shields        | |  3.6
Evocations     | |  0.6

Action                   |  1- 3 |  4- 6 || total
-------------------------+-------+-------++-------
Melee: War axe           |    77 |     3 ||    80
       Headbutt          |     7 |       ||     7
  Use: Scroll            |     1 |       ||     1
Armor: Scale mail        |    54 |     3 ||    57
Dodge: Dodged            |    40 |     4 ||    44
Block: Shield            |    62 |     1 ||    63
